 Dungeon Crawl Stone Soup version 0.28-a0-8-g6e044cfa68 (webtiles) character file.

Game seed: 7542102060377731267

226 bande the Covered (level 6, 0/38 HPs)
             Began as a Gargoyle Fighter on July 23, 2021.
             Slain by Sigmund (8 damage)
             ... on level 4 of the Dungeon on July 24, 2021.
             The game lasted 00:06:24 (4431 turns).

bande the Covered (Gargoyle Fighter)                Turns: 4431, Time: 00:06:25

Health: 0/38       AC: 11    Str: 20    XL:     6   Next: 1%
Magic:  6/6        EV:  7    Int:  9    God:
Gold:   191        SH:  9    Dex: 10    Spells: 5/5 levels left

rFire   . . .      SeeInvis .   a - +0 war axe
rCold   . . .      Faith    .   c - +0 kite shield
rNeg    + . .      Spirit   .   b - +0 scale mail
rPois   ∞          Reflect  .   (no helmet)
rElec   +          Harm     .   (no cloak)
rCorr   .          Rampage  .   (no gloves)
Will    .....                   (no boots)
Stlth   ..........              (no amulet)
HPRegen 0.12/turn               (no ring)
MPRegen 0.10/turn               (no ring)

@: studying Fighting
A: sickness immunity, AC +4, negative energy resistance 1, electricity
resistance, torment resistance 1, petrification resistance
a: no special abilities


You were on level 4 of the Dungeon.
You visited 1 branch of the dungeon, and saw 4 of its levels.

You collected 191 gold pieces.

Inventory:

Hand Weapons
 a - a +0 war axe (weapon)
 o - a +0 flail
Armour
 b - a +0 scale mail (worn)
 c - a +0 kite shield (worn)
Jewellery
 q - a ring of magical power
Scrolls
 e - 3 scrolls of amnesia
 f - a scroll of teleportation {unknown}
 r - a scroll of summoning
Potions
 d - a potion of might
 m - a potion of invisibility


   Skills:
 + Level 3.7 Fighting
 + Level 3.1 Axes
 + Level 4.8 Armour
 + Level 0.8 Dodging
 - Level 0.5 Stealth
 + Level 4.4 Shields


You had 5 spell levels left.
You didn't know any spells.
Your spell library contained the following spells:

 Spells                   Type           Power      Damage    Failure   Level
 Animate Skeleton         Necr           0%         N/A       99%         1
 Apportation              Tloc           0%         N/A       99%         1
 Corona                   Hex            0%         N/A       99%         1
 Shock                    Conj/Air       0%         1d3       99%         1
 Summon Small Mammal      Summ           0%         N/A       99%         1
 Swiftness                Air            0%         N/A       100%        3
 Airstrike                Air            0%         N/A       100%        4


Dungeon Overview and Level Annotations

Branches:
Dungeon (4/15)
 Temple: D:4-7

Altars:
Sif Muna
Zin

Annotations:
D:4 Sigmund


Innate Abilities, Weirdness & Mutations

You are immune to sickness and miasma.
Your stone body is resilient. (AC +4)
You are immune to poison.
You resist negative energy. (rN+)
You are resistant to electric shocks. (rElec)
You are resistant to unholy torment.
You are immune to petrification.


Message History

You hear some strange, mumbled words.
A puff of flame appears from out of thin air!
The puff of flame hits you!
You miss something. Something hits you but does no damage.
You miss something.
You hear some strange, mumbled words.
A puff of flame appears from out of thin air!
The puff of flame hits you. Something hits you but does no damage.
You completely miss something.
You feel less confused. Something hits you.
You miss something.
You hear some strange, mumbled words.
You are confused.
Something hits you.
You bump into the rock wall.
Something hits you but does no damage.
You bump into the rock wall.
You hear some strange, mumbled words.
A magic dart appears from out of thin air!
The magic dart hits you!
* * * LOW HITPOINT WARNING * * *
You closely miss something.
Something hits you but does no damage. x2
You bump into the rock wall.
Something hits you but does no damage.
You completely miss something.
You hear some strange, mumbled words.
Something tries to affect you, but you resist.
You miss something.
You feel less confused. Something hits you but does no damage.
You hear some strange, mumbled words.
A puff of flame appears from out of thin air!
You block the puff of flame.
You miss something.
You hear some strange, mumbled words.
A magic dart appears from out of thin air!
The magic dart hits you but does no damage.
You barely miss something. Something hits you.
* * * LOW HITPOINT WARNING * * *
Something hits you!
You die...

##.#
#)....#
...#
#####.#
#### #.#
#.# #.#
#.# #.#
#.######.#
#....{@..#
##########


There were no monsters in sight!

Vanquished Creatures
  A scorpion (D:3)
  A hound (D:3)
  4 adders
  A shadow imp (D:4)
  An adder skeleton (D:4)
  3 worms (D:2)
  18 orcs
  4 ball pythons
  5 bats
  4 endoplasms
  8 goblins
  5 hobgoblins
  A quokka (D:1)
  3 frilled lizards
  3 kobolds
  2 rats
64 creatures vanquished.

Notes
Turn   | Place    | Note
-------+----------+-------------------------------------------
     0 | D:1      | bande the Gargoyle Fighter began the quest for the Orb.
     0 | D:1      | Reached XP level 1. HP: 14/14 MP: 1/1
   330 | D:1      | Reached XP level 2. HP: 19/19 MP: 2/2
   684 | D:2      | Reached XP level 3. HP: 19/23 MP: 3/3
  1311 | D:2      | Found a faded altar of an unknown god.
  1758 | D:3      | Noticed a scorpion
  1999 | D:3      | Reached XP level 4. HP: 28/28 MP: 4/4
  2515 | D:3      | Killed a scorpion
  2516 | D:3      | Reached XP level 5. HP: 7/32 MP: 5/5
  3412 | D:4      | Identified a scroll of acquirement
  3412 | D:4      | Acquired a manual of Fighting
  3600 | D:4      | Found a shimmering blue altar of Sif Muna.
  4105 | D:4      | Reached XP level 6. HP: 37/38 MP: 6/6
  4271 | D:4      | Found a glowing silver altar of Zin.
  4399 | D:4      | Noticed Sigmund
  4431 | D:4      | Slain by Sigmund

Illustrated notes

Levels and vault maps discovered:
D:1:      sevenhm_arrival_forest_fort_small_6, layout_loops_ring
D:2:      layout_basic, ebering_ecumenical_altar_hall
D:3:      layout_basic
D:4:      layout_loops_ring, zin_statuary, led_sif_pool, uniq_sigmund

Skill      XL: |  1  2  3  4  5 |
---------------+----------------+-----
Axes           | 2 3 |  3.1
Armour         | 4 |  4.8
Shields        | 4 |  4.4
Fighting       | |  3.7
Dodging        | |  0.8
Stealth        | |  0.5

Action                   |  1- 3 |  4- 6 || total
-------------------------+-------+-------++-------
Melee: War axe           |    92 |   163 ||   255
  Use: Scroll            |       |    11 ||    11
       Potion            |       |     2 ||     2
Armor: Scale mail        |    50 |   120 ||   170
Dodge: Dodged            |    23 |    47 ||    70
Block: Kite shield       |    55 |    92 ||   147

Table legend: (Time is in decaauts)
 A = Elapsed time spent in this place.
 B = Non-inter-level travel time spent in this place.
 C = Inter-level travel time spent in this place.
 D = Time resting spent in this place.
 E = Time spent auto-exploring this place.
 F = Levels seen in this place.
 G = Mean time per level.
                   A        B        C        D        E       F      G
               +--------+--------+--------+--------+--------+-----+--------+
         Total |   4586 |   4578 |      8 |   1077 |   2708 |   4 | 1146.5 |
       Dungeon |   4586 |   4578 |      8 |   1077 |   2708 |   4 | 1146.5 |
               +--------+--------+--------+--------+--------+-----+--------+

Top non-repeatable levels by time:
     D:3: 1559 daAuts
     D:2: 1299 daAuts
     D:4: 1087 daAuts
     D:1: 640 daAuts
